 Dungeon Crawl Stone Soup version 0.31-a0-1074-g0b22e4e0f1 (webtiles) character file.

Game seed: 13735013669812360756

366 Demosthentine the Ducker (level 6, -6/48 HPs)
             Began as a Demonspawn Gladiator on Nov 26, 2023.
             Mangled by an ogre
             ... wielding a +0 giant club
              (27 damage)
             ... on level 5 of the Dungeon on Nov 28, 2023.
             The game lasted 00:05:34 (4156 turns).

Demosthentine the Ducker (Demonspawn Gladiator)     Turns: 4156, Time: 00:05:35

Health: -6/48      AC:  8    Str: 17    XL:     6   Next: 40%
Magic:  6/6        EV: 13    Int:  9    God:
Gold:   351        SH:  0    Dex: 14    Spells: 5/5 levels left

rFire   . . .        a - +0 trident (flame)
rCold   . . .        (no shield)
rNeg    . . .        b - +0 leather armour
rPois   .            c - +1 helmet
rElec   .            (no cloak)
rCorr   .            (no gloves)
SInv    .            (no boots)
Will    ++...        (no amulet)
Stlth   +            i - ring of willpower
HPRegen 0.28/turn    o - ring of willpower
MPRegen 0.20/turn

%: no passive effects
@: no status effects
A: icy blue scales 2, powered by death 1, magic regeneration
a: no special abilities


You were on level 5 of the Dungeon.
You visited 1 branch of the dungeon, and saw 5 of its levels.

You collected 351 gold pieces.

Inventory:

Hand Weapons
 a - a +0 trident of flaming (weapon)
Missiles
 d - 2 throwing nets (quivered)
 e - 5 javelins
Armour
 b - a +0 leather armour (worn)
 c - a +1 helmet (worn)
Jewellery
 i - a ring of willpower (left hand)
 o - a ring of willpower (right hand)
Wands
 v - a wand of polymorph (6)
Scrolls
 k - 3 scrolls of enchant armour
 m - a scroll of teleportation
 q - a scroll of identify
 r - 4 scrolls of fear
 u - a scroll of immolation {unknown}
 w - a scroll of enchant weapon {unknown}
Potions
 f - 2 potions of magic
 g - a potion of curing
 h - 4 potions of enlightenment
 j - 2 potions of heal wounds {unknown}
 l - 2 potions of haste {unknown}
 n - a potion of berserk rage
 p - a potion of brilliance {unknown}
 s - a potion of attraction {unknown}
 t - 2 potions of ambrosia {unknown}


   Skills:
 + Level 3.7 Fighting
 + Level 4.0 Polearms
 - Level 1.7 Throwing
 + Level 2.7 Armour
 + Level 4.0 Dodging


You had 5 spell levels left.
You didn't know any spells.
Your spell library contained the following spells:

 Spells                   Type           Power      Damage    Failure   Level
 Apportation              Tloc           0%         N/A       43%         1
 Blink                    Tloc           0%         N/A       58%         2
 Jinxbite                 Hex            0%         N/A       58%         2
 Hailstorm                Conj/Ice       0%         3d3       82%         3
 Passage of Golubria      Tloc           0%         N/A       99%         4
 Summon Ice Beast         Ice/Summ       0%         N/A       99%         4
 Alistair's Intoxication  Tmut/Pois      0%         N/A       100%        5
 Simulacrum               Ice/Necr       0%         N/A       100%        6
 Enfeeble                 Hex            0%         N/A       100%        7


Dungeon Overview and Level Annotations

Branches:
Dungeon (5/15)
 Temple: D:4-7

Altars:
Fedhas
Okawaru
Vehumet
Wu Jian

Annotations:
D:3 exclusion: statue
D:5 Menkaure


Innate Abilities, Weirdness & Mutations

You are mostly covered in icy blue scales. (AC +3)
You regenerate a little health from kills.
You regenerate magic rapidly.


Message History

You puncture the hound! You burn the hound.
The hound is severely wounded.
The hound bites you.
An ogre comes into view. It is wielding a +0 giant club.
The hound closely misses you.
There are monsters nearby!
You barely miss the hound.
The hound is severely wounded.
The hound barely misses you.
You hit the hound but do no damage.
The hound is severely wounded.
The hound barely misses you. The hound bites you but does no damage.
You hit the hound but do no damage.
The hound is severely wounded.
The hound bites you but does no damage. The ogre closely misses you.
The hound bites you.
You closely miss the hound.
The hound is severely wounded.
The hound bites you but does no damage. The ogre barely misses you.
Menkaure, Prince of Dust comes into view.
You hit the hound. You burn the hound.
The hound is almost dead.
The hound closely misses you. The hound completely misses you.
The ogre barely misses you.
You puncture the hound! You burn the hound.
You kill the hound!
Menkaure blazes with dark energy!
You puncture the ogre! You burn the ogre.
The ogre is heavily wounded.
The ogre misses you.
Unknown command.
You puncture the ogre! You burn the ogre.
The ogre is almost dead.
The ogre hits you with a +0 giant club!!
Menkaure misses you.
You hit the ogre but do no damage.
The ogre is almost dead.
The ogre hits you with a +0 giant club!!
Ouch! That really hurt!
You die...

. .# ..### ## .. #
..... .# .#[#
####..####.# .#.##
......O..#.# .....
......M@..># # .#...
......###.##.# ####
#####.#....?.# ...#
#######.#..##### ...+
......#.#..# ...###
#....#.#..# #....#
#....#.#..#
#....####....#.#..##
'.........#........####


You could see an ogre and Menkaure.

Vanquished Creatures
  A scorpion (D:5)
  A hound (D:5)
  A sleepcap (D:4)
  Natasha (twice) (D:4)
  3 orc wizards (D:5)
  5 adders
  3 dart slugs
  10 orcs
  3 bats
  4 endoplasms
  4 giant cockroaches
  9 goblins
  7 hobgoblins
  2 jackals (D:1)
  A quokka (D:4)
  8 ball pythons
  4 frilled lizards
  4 kobolds
  2 rats (D:1)
74 creatures vanquished.

Notes
Turn   | Place    | Note
-------+----------+-------------------------------------------
     0 | D:1      | Demosthentine the Demonspawn Gladiator began the quest for
                  | the Orb.
     0 | D:1      | Reached XP level 1. HP: 16/16 MP: 1/1
     0 | D:1      | Upgraded the game from 0.31-a0-1071-gaead2f62b1 to
                  | 0.31-a0-1074-g0b22e4e0f1
    51 | D:1      | Got the Codex of Cursed Topology
   189 | D:1      | Gained mutation: You are partially covered in icy blue
                  | scales. (AC +2) [demonic ancestry]
   189 | D:1      | Reached XP level 2. HP: 22/22 MP: 2/2
   199 | D:1      | Found a faded altar of an unknown god.
   663 | D:1      | Reached skill level 1 in Armour
   976 | D:2      | Reached XP level 3. HP: 28/28 MP: 3/3
  1106 | D:2      | You fall into a shaft and drop 1 floor!
  1626 | D:2      | Found a blossoming altar of Fedhas.
  1936 | D:3      | Found a radiant altar of Vehumet.
  1936 | D:3      | Noticed a frost-covered statue
  2097 | D:3      | Gained mutation: You regenerate magic rapidly. [demonic
                  | ancestry]
  2097 | D:3      | Reached XP level 4. HP: 28/34 MP: 4/4
  2654 | D:4      | Identified the +1 quarterstaff "Ymeiply" {freeze, *Slow
                  | rN++ Will- Dex+2}
  2680 | D:4      | Found an ornate altar of the Wu Jian Council.
  2697 | D:4      | Found an iron altar of Okawaru.
  2778 | D:4      | Noticed Natasha
  2783 | D:4      | Killed Natasha
  2999 | D:4      | Gained mutation: You regenerate a little health from kills.
                  | [demonic ancestry]
  2999 | D:4      | Reached XP level 5. HP: 39/41 MP: 5/5
  3418 | D:4      | Noticed Natasha
  3422 | D:4      | Killed Natasha
  3579 | D:5      | Entered Level 5 of the Dungeon
  3686 | D:5      | Gained mutation: You are mostly covered in icy blue scales.
                  | (AC +3) [demonic ancestry]
  3686 | D:5      | Reached XP level 6. HP: 34/47 MP: 6/6
  4151 | D:5      | Noticed Menkaure
  4156 | D:5      | Mangled by an ogre

Illustrated notes

Levels and vault maps discovered:
D:1:      roadster_arrival_rocket_small, layout_basic,
          hellmonk_ecumenical_altar_zigzags
D:2:      layout_loops_ring, basic_altar, serial_forest,
          infiniplex_forest_fountain, infiniplex_forest_zigzag_2,
          infiniplex_forest_lined_corner, infiniplex_forest_3_way,
          infiniplex_forest_end_3, infiniplex_forest_straight_3,
          infiniplex_forest_clump_small, minmay_diced_spiral
D:3:      layout_basic, vehumet_statue
D:4:      layout_loops_ring, jmf_multi_god_temple, minmay_goblin_outpost,
          uniq_natasha
D:5:      layout_basic, nicolae_uskayaw_dance_hall, chequers_garden,
          uniq_crazy_yiuf_cottage, uniq_menkaure

Skill      XL: |  1  2  3  4  5  6 |
---------------+-------------------+-----
Dodging        | 3 4 |  4.0
Armour         | 1 2 |  2.7
Polearms       | 3 4 |  4.0
Fighting       | 3 |  3.7
Throwing       | |  1.7

Action                     |  1- 3 |  4- 6 || total
---------------------------+-------+-------++-------
  Melee: Trident           |   135 |   142 ||   277
         Punch             |     1 |     1 ||     2
  Throw: Throwing net      |       |     3 ||     3
    Use: Scroll            |     6 |     6 ||    12
         Potion            |       |     1 ||     1
   Stab: Sleeping          |     3 |       ||     3
 Armour: Leather armour    |    70 |    83 ||   153
  Dodge: Dodged            |    77 |    63 ||   140

Table legend: (Time is in decaauts)
 A = Elapsed time spent in this place.
 B = Non-inter-level travel time spent in this place.
 C = Inter-level travel time spent in this place.
 D = Time resting spent in this place.
 E = Time spent auto-exploring this place.
 F = Levels seen in this place.
 G = Mean time per level.
                   A        B        C        D        E       F      G
               +--------+--------+--------+--------+--------+-----+--------+
         Total |   4201 |   4134 |     67 |    200 |   3307 |   5 |  840.2 |
       Dungeon |   4201 |   4134 |     67 |    200 |   3307 |   5 |  840.2 |
               +--------+--------+--------+--------+--------+-----+--------+

Top non-repeatable levels by time:
     D:4: 964 daAuts
     D:1: 950 daAuts
     D:2: 856 daAuts
     D:3: 845 daAuts
     D:5: 583 daAuts
